 Dungeon Crawl Stone Soup version 0.23.1-44-gbd83930989 (webtiles) character file.

Game seed: 17736257936343350382

9265 Roran the Impaler (level 11, -8/89 HPs)
             Began as a Merfolk Skald on Mar 31, 2019.
             Was a Priest of Trog.
             Mangled by a komodo dragon (11 damage)
             ... on level 12 of the Dungeon.
             The game lasted 00:52:01 (12059 turns).

Roran the Impaler (Merfolk Skald)                  Turns: 12059, Time: 00:52:02

Health: -8/89      AC: 15    Str: 14    XL:     11   Next: 43%
Magic:  15/15      EV: 10    Int: 13    God:    Trog [***...]
Gold:   566        SH: 10    Dex: 14    Spells: 15/15 levels left

rFire    + + .     SeeInvis .   l - +1 spear (freeze)
rCold    + . .     Gourm    .   G - +0 buckler
rNeg     + . .     Faith    .   e - +3 chain mail {rN+}
rPois    .         Spirit   .   r - +0 helmet
rElec    .         Reflect  +   c - scarf {rC+ rF+}
rCorr    .         Harm     .   j - +0 pair of gloves
MR       .....                  (no boots)
Stlth    ..........             v - +5 amulet of reflection
HPRegen  0.24/turn              C - ring of protection from fire
MPRegen  0.14/turn              B - ring of flight

@: berserk cooldown, hasted and slowed
A: change form in water, swift swim, stealthy swim
a: Berserk, Trog's Hand, Renounce Religion, Evoke Flight


You were on level 12 of the Dungeon.
You worshipped Trog.
Trog was most pleased with you.
You were not hungry.

You visited 1 branch of the dungeon, and saw 12 of its levels.

You collected 566 gold pieces.

Inventory:

Hand Weapons
 a - a +0 spear
 l - a +1 spear of freezing (weapon)
Armour
 b - a +0 leather armour
 c - a scarf of resistance (worn)
 e - a +3 chain mail of positive energy (worn)
 j - a +0 pair of gloves (worn)
 r - a +0 helmet (worn)
 G - a +0 buckler (worn)
Magical Staves
 m - an uncursed staff of wizardry
Jewellery
 k - an uncursed amulet of magic regeneration
 p - an uncursed ring of stealth
 v - a +5 amulet of reflection (around neck)
 A - an uncursed ring of magical power
 B - a ring of flight (right hand)
 C - a ring of protection from fire (left hand)
 H - an uncursed ring of protection from cold {unknown}
Wands
 n - a wand of flame (19)
 x - a wand of polymorph (16)
 J - a wand of acid (10)
Scrolls
 f - 4 scrolls of remove curse
 h - 7 scrolls of identify
 i - 5 scrolls of teleportation
 s - a scroll of magic mapping
 t - 4 scrolls of immolation
 D - a scroll of fear
Potions
 g - 2 potions of haste
 q - a potion of cancellation
 w - 2 potions of might
 E - a potion of flight
Comestibles
 d - 14 rations
 o - 3 chunks of flesh


   Skills:
 + Level 9.1 Fighting
 + Level 15.0 Polearms
 + Level 4.4 Armour
 * Level 9.7 Dodging
 - Level 1.5 Stealth
 - Level 4.9 Shields
 - Level 2.7 Spellcasting
   Level 4.3 Charms


You had 15 spell levels left.
You didn't know any spells.
Your spell library contained the following spells:

 Spells                   Type           Power        Failure   Level  Hunger
 Infusion                 Chrm           ##..         65%         1    #......
 Song of Slaying          Chrm           ##......     80%         2    ###....
 Shroud of Golubria       Chrm/Tloc      #.........   97%         2    ###....
 Beastly Appendage        Tmut           #.....       99%         1    #......
 Sticks to Snakes         Tmut           #.......     100%        2    ###....
 Regeneration             Chrm/Necr      #.........   100%        3    ###....
 Spectral Weapon          Hex/Chrm       #.......     100%        3    ###....
 Spider Form              Tmut/Pois      #.........   100%        3    ###....
 Ice Form                 Ice/Tmut       #.......     100%        4    #####..
 Blade Hands              Tmut           #.........   100%        5    ######.


Dungeon Overview and Level Annotations

Branches:
Dungeon (12/15)            Temple (0/1) D:7            Lair (0/6) D:9
    Orc: D:9-12

Altars:
Ashenzari
Elyvilon
Fedhas
Gozag
Kikubaaqudgha
Okawaru
Qazlal
Ru
Trog
Vehumet
Xom
Zin
Lugonu

Shops:
D:4 *

Portals:
Abyss: D:1

Annotations:
D:11 Fannar


Message History

The komodo dragon is heavily wounded.
The centaur shoots an arrow.
You reflect the arrow off an invisible shield around you!
The arrow closely misses the centaur.
You block the komodo dragon's attack.
You hit the komodo dragon but do no damage.
The komodo dragon is heavily wounded.
The centaur shoots an arrow.
You reflect the arrow off an invisible shield around you!
The arrow hits the centaur.
You hit the komodo dragon.
The komodo dragon seems to slow down.
You freeze the komodo dragon.
The komodo dragon is heavily wounded.
You hit the komodo dragon but do no damage.
The komodo dragon is heavily wounded.
The centaur shoots an arrow.
You reflect the arrow off an invisible shield around you!
The arrow hits the centaur!
The centaur dies!
The komodo dragon bites you!
You die...

................
................ .
...#....<....... .(
...#.........#..
..c.......#.....##
..........#).....#
.....$##§§#.....##
.....§##§§......##
.....§§@l§.......#
.....§§§§§.)...#....<
.....§§§§§.....##..#.
..............## .#
....##...........
...##..............
?............#.#..?
.. ................
...............


You could see a komodo dragon.

Vanquished Creatures
  Harold (D:11)
  2 deep elf magi
  An oklob plant (D:10)
  2 hippogriffs
  6 yaks (D:10)
  A hungry ghost (D:7)
  2 water moccasins (D:9)
  4 phantoms
  4 ice beasts
  2 orc warriors
  A sky beast (D:9)
  2 black bears
  8 ogres
  A necrophage (D:5)
  9 centaurs
  A big kobold (D:9)
  3 crocodiles
  4 bullfrogs
  2 scorpions
  4 howler monkeys
  8 crimson imps
  2 bullfrog zombies
  A centaur zombie (D:6)
  A quasit (D:7)
  4 hounds
  9 jellies
  5 orc priests
  15 orc wizards
  2 iguanas
  6 worker ants
  4 hound skeletons
  2 worker ant zombies
  15 adders
  6 gnolls
  A river rat (D:6)
  4 shadow imps
  14 oozes (D:10)
  An adder skeleton (D:7)
  3 worms
  2 dart slugs
  4 leopard geckos
  49 orcs
  13 bats
  4 giant cockroaches
  6 goblins
  11 hobgoblins
  12 jackals
  5 quokkas
  2 ball pythons (D:3)
  4 frilled lizards
  A jackal skeleton (D:9)
  13 kobolds
  7 rats
296 creatures vanquished.

Vanquished Creatures (collateral kills)
  A vampire (D:11)
  An orc wizard (D:10)
  An orc priest (D:10)
3 creatures vanquished.

Vanquished Creatures (others)
  A centaur (D:12)
  A quokka (D:9)
  3 fungi (D:10)
5 creatures vanquished.

Grand Total: 304 creatures vanquished

Notes
Turn   | Place    | Note
-------+----------+-------------------------------------------
     0 | D:1      | Roran the Merfolk Skald began the quest for the Orb.
     0 | D:1      | Reached XP level 1. HP: 16/16 MP: 3/3
   244 | D:1      | Reached XP level 2. HP: 23/23 MP: 3/5
   685 | D:1      | Found a one-way gate to the infinite horrors of the Abyss.
   685 | D:1      | Found a corrupted altar of Lugonu.
   685 | D:1      | Noticed a demonic crawler
   685 | D:1      | Noticed a demonic crawler
   689 | D:1      | Reached XP level 3. HP: 28/28 MP: 6/6
   876 | D:1      | Learned a level 2 spell: Song of Slaying
  1042 | D:2      | Found a blossoming altar of Fedhas.
  1046 | D:2      | Found an ancient bone altar of Kikubaaqudgha.
  1081 | D:2      | Reached XP level 4. HP: 27/34 MP: 1/7
  1092 | D:2      | Reached skill level 4 in Polearms
  1104 | D:2      | Reached skill level 1 in Armour
  1375 | D:2      | Noticed a bullfrog
  1384 | D:2      | Killed a bullfrog
  1384 | D:2      | Reached XP level 5. HP: 26/39 MP: 3/8
  1680 | D:3      | Found a white marble altar of Elyvilon.
  1680 | D:3      | Found a bloodstained altar of Trog.
  1680 | D:3      | Found a shattered altar of Ashenzari.
  1746 | D:3      | Found an opulent altar of Gozag.
  1790 | D:3      | Reached skill level 1 in Stealth
  1959 | D:3      | Reached skill level 5 in Polearms
  1969 | D:3      | Reached XP level 6. HP: 45/46 MP: 1/10
  2087 | D:3      | Became a worshipper of Trog the Wrathful
  2198 | D:3      | Found a stormy altar of Qazlal.
  2594 | D:4      | Found Kegg's Elemental Accessories.
  2618 | D:4      | Reached skill level 6 in Polearms
  2964 | D:4      | Found an iron altar of Okawaru.
  2964 | D:4      | Found a radiant altar of Vehumet.
  2964 | D:4      | Found a glowing silver altar of Zin.
  3066 | D:4      | Found a sacrificial altar of Ru.
  3631 | D:5      | Entered Level 5 of the Dungeon
  3640 | D:5      | Reached XP level 7. HP: 52/52 MP: 11/11
  3693 | D:5      | Reached skill level 7 in Polearms
  4057 | D:5      | Reached * piety under Trog
  4057 | D:5      | Reached skill level 8 in Polearms
  4740 | D:6      | Reached XP level 8. HP: 35/59 MP: 12/12
  5162 | D:6      | Reached skill level 9 in Polearms
  5463 | D:6      | Reached skill level 5 in Dodging
  5733 | D:6      | Reached skill level 10 in Polearms
  6375 | D:7      | Reached skill level 5 in Fighting
  6641 | D:7      | Reached XP level 9. HP: 58/67 MP: 13/13
  6812 | D:7      | Reached skill level 11 in Polearms
  7062 | D:7      | Found a staircase to the Ecumenical Temple.
  7154 | D:7      | Reached ** piety under Trog
  7597 | D:8      | Reached skill level 12 in Polearms
  8104 | D:8      | Reached skill level 13 in Polearms
  8104 | D:8      | Reached XP level 10. HP: 75/78 MP: 14/14
  8166 | D:8      | Reached *** piety under Trog
  8315 | D:9      | Found a staircase to the Lair.
  8849 | D:9      | Reached **** piety under Trog
  8849 | D:9      | Reached skill level 1 in Shields
  9089 | D:9      | Found a shimmering altar of Xom.
  9742 | D:10     | Entered Level 10 of the Dungeon
  9858 | D:10     | Noticed an oklob plant
  9915 | D:10     | Killed an oklob plant
 10257 | D:10     | Reached skill level 14 in Polearms
 10452 | D:10     | Reached XP level 11. HP: 78/85 MP: 15/15
 11244 | D:10     | Noticed a deep elf mage
 11260 | D:10     | Killed a deep elf mage
 11452 | D:11     | Noticed Harold
 11489 | D:11     | Killed Harold
 11903 | D:11     | Noticed Fannar
 12013 | D:12     | Noticed a deep elf mage
 12024 | D:12     | Killed a deep elf mage
 12024 | D:12     | Reached skill level 15 in Polearms
 12055 | D:12     | HP: 2/89 [centaur/arrow (6)]
 12059 | D:12     | Mangled by a komodo dragon

Skill      XL: |  1  2  3  4  5  6  7  8  9 10 11 |
---------------+----------------------------------+-----
Dodging        | 3 4 6 7 8 9 |  9.7
Polearms       | 4 5 6 8 10 13 14 15 | 15.0
Armour         | 1 2 3 4 |  4.4
Charms         | 4 |  4.3
Stealth        | 1 |  1.5
Fighting       | 3 5 7 8 9 |  9.1
Shields        | 4 |  4.9
Spellcasting   | |  2.7

Action                   |  1- 3 |  4- 6 |  7- 9 | 10-12 || total
-------------------------+-------+-------+-------+-------++-------
Melee: Spear             |   118 |   267 |   745 |   648 ||  1778
 Cast: Infusion          |     3 |     9 |       |       ||    12
       Song of Slaying   |     3 |     4 |       |       ||     7
Invok: Berserk           |       |       |    11 |    16 ||    27
       Trog's Hand       |       |       |       |     5 ||     5
       Brothers in Arms  |       |       |       |     2 ||     2
Evoke: Wand              |       |       |     1 |       ||     1
  Use: Scroll            |       |     6 |     1 |     6 ||    13
       Potion            |       |     4 |     2 |     8 ||    14
 Stab: Sleeping          |     1 |     1 |       |       ||     2
  Eat: Chunk             |     1 |     6 |    12 |    20 ||    39
       Ration            |       |     1 |     4 |     3 ||     8
Armor: Leather armour    |    18 |    39 |       |       ||    57
       Chain mail        |     5 |    34 |   238 |   235 ||   512
Dodge: Dodged            |    68 |   114 |   150 |   121 ||   453
Block: Buckler           |       |       |       |    75 ||    75
       Reflection        |       |       |       |     4 ||     4
